 Dungeon Crawl Stone Soup version 0.22.1-2-g9c5b331 (webtiles) character file.

4396 Gearfox the Cleaver (level 10, 0/91 HPs)
             Began as a Hill Orc Fighter on Dec 6, 2018.
             Was a Follower of Makhleb.
             Slain by a bone dragon (11 damage)
             ... on level 1 of the Abyss.
             The game lasted 00:32:21 (9890 turns).

Gearfox the Cleaver (Hill Orc Fighter)              Turns: 9890, Time: 00:32:22

Health: 0/91       AC: 17    Str: 27    XL:     10   Next: 35%
Magic:  10/10      EV:  6    Int: 14    God:    Makhleb [*.....]
Gold:   532        SH: 11    Dex: 11    Spells: 9/9 levels left

rFire    . . .     SeeInvis .   a - +4 war axe
rCold    . . .     Gourm    .   c - +0 shield
rNeg     . . .     Faith    .   z - +0 plate armour
rPois    .         Spirit   .   h - +0 helmet
rElec    .         Reflect  .   n - +1 cloak
rCorr    .         Harm     .   (no gloves)
MR       .....                  (no boots)
Stlth    ..........             (no amulet)
HPRegen  0.25/turn              A - +6 ring of intelligence
MPRegen  0.12/turn              (no ring)

@: mighty
A: no striking features
a: Renounce Religion


You were on level 1 of the Abyss.
You worshipped Makhleb.
Makhleb was aware of your devotion.
You were hungry.

You visited 2 branches of the dungeon, and saw 9 of its levels.
You visited the Abyss 1 time.

You collected 532 gold pieces.

Inventory:

Hand Weapons
 a - a +4 war axe (weapon)
 k - a +0 flail
 u - a +1 flail of protection
 v - a +0 spear
Armour
 c - a +0 shield (worn)
 h - a +0 helmet (worn)
 n - a +1 cloak (worn)
 z - a +0 plate armour (worn)
Jewellery
 j - an uncursed ring of ice
 A - a +6 ring of intelligence (left hand)
Wands
 i - a wand of iceblast (11)
 t - a wand of polymorph (14)
 w - a wand of digging (10)
Scrolls
 l - 2 scrolls of blinking
 m - 5 scrolls of teleportation
 s - a scroll of fog
 y - 7 scrolls of remove curse
 B - a scroll of identify
Potions
 b - a potion of lignification {unknown}
 d - a potion of heal wounds
 e - 6 potions of curing
 g - a potion of agility
 o - a potion of brilliance
 p - a potion of haste
 q - a potion of ambrosia
 r - 3 potions of resistance
Comestibles
 f - 16 rations


   Skills:
 - Level 9.0 Fighting
 * Level 11.8(11.9) Axes
 - Level 2.2(6.8) Maces & Flails
 * Level 7.6 Armour
 - Level 8.0 Shields
 - Level 1.0 Evocations


You had 9 spell levels left.
You didn't know any spells.
Your spell library contained the following spells:

 Spells                   Type           Power        Failure   Level  Hunger
 Animate Skeleton         Necr           N/A          100%        1    ##.....
 Apportation              Tloc           #.....       100%        1    ##.....
 Confusing Touch          Hex            #.....       100%        1    ##.....
 Summon Small Mammal      Summ           #...         100%        1    ##.....


Dungeon Overview and Level Annotations

Branches:
Dungeon (8/15)             Temple (1/1) D:7
   Lair: D:8-11

Altars:
Cheibriados
Dithmenos
Elyvilon
Fedhas
Makhleb
Qazlal
Ru
Sif Muna
Wu Jian
Yredelemnul
The Shining One

Shops:
D:8 *(:

Annotations:
D:7 3 runed doors, Lilu's ghost, novice DECj


Message History

* * * LOW HITPOINT WARNING * * *
The bone dragon barely misses you. The bone dragon tramples you.
* * * LOW HITPOINT WARNING * * *
You hold your ground!
You slash the bone dragon!
The bone dragon is lightly damaged.
The bone dragon bites you but does no damage.
The bone dragon claws you.
* * * LOW HITPOINT WARNING * * *
The bone dragon tramples you but does no damage.
You hit the bone dragon but do no damage.
The bone dragon is lightly damaged.
Your plate armour prevents you from hitting the tengu zombie.
The tengu zombie hits you but does no damage.
The tengu zombie pecks you but does no damage.
The tengu zombie claws you but does no damage.
The bone dragon bites you!
* * * LOW HITPOINT WARNING * * *
The bone dragon claws you!
You die...

#. #. # ##.
.. .. #.#
#. #...
.####
#..#?#.#
##Z@..#
#...D## #
#.
#∩.####'#
#.#.. #.# .
#.####. ...
.. .
.#.........
. .. #....
....≈ . .
#..........
..
#####.#####
.# ..


You could see a bone dragon and a tengu zombie.

Vanquished Creatures
  Pikel (D:4)
  Psyche (D:8)
  Edmund (D:5)
  Duvessa (D:5)
  2 ice beasts (D:6)
  An orc warrior (D:8)
  A sky beast (D:5)
  A black bear (D:6)
  2 phantoms
  3 slaves (D:4)
  6 ogres
  2 centaurs
  4 bullfrogs
  A wyvern zombie (D:6)
  A gnoll sergeant (D:5)
  Dowan (D:5)
  5 killer bees (D:7)
  2 scorpions
  5 wights (D:7)
  A crimson imp (D:4)
  3 small abominations (Abyss:1)
  2 hounds
  A bullfrog skeleton (D:4)
  A jelly (D:6)
  2 orc priests (D:4)
  4 orc wizards (D:6)
  2 centaur skeletons
  An iguana (D:8)
  Natasha (D:1)
  5 worker ants
  3 hound skeletons
  2 worker ant zombies
  12 adders
  8 gnolls (D:5)
  2 shadow imps
  2 oozes (D:1)
  3 adder skeletons
  3 dart slugs
  5 leopard geckos
  26 orcs
  A ball python (D:3)
  5 giant cockroaches
  8 goblins
  4 hobgoblins
  5 jackals
  5 kobolds
  3 quokkas
  10 bats
  9 frilled lizards
  A leopard gecko zombie (D:7)
  9 rats
190 creatures vanquished.

Notes
Turn   | Place    | Note
-------+----------+-------------------------------------------
     0 | D:1      | Gearfox the Hill Orc Fighter began the quest for the Orb.
     0 | D:1      | Reached XP level 1. HP: 19/19 MP: 1/1
    88 | D:1      | Reached skill level 3 in Axes
   331 | D:1      | Reached XP level 2. HP: 26/26 MP: 2/2
   348 | D:1      | Reached skill level 4 in Axes
   796 | D:1      | Reached XP level 3. HP: 28/31 MP: 3/3
   995 | D:2      | Noticed Natasha
  1014 | D:1      | Killed Natasha
  1014 | D:1      | Reached skill level 5 in Axes
  1172 | D:2      | Reached XP level 4. HP: 39/39 MP: 4/4
  1246 | D:2      | Reached skill level 6 in Axes
  2560 | D:3      | Reached XP level 5. HP: 45/45 MP: 5/5
  2857 | D:4      | Reached skill level 7 in Axes
  3014 | D:4      | Reached skill level 1 in Maces & Flails
  3162 | D:4      | Reached XP level 6. HP: 51/52 MP: 6/6
  3301 | D:4      | Noticed a phantom
  3317 | D:4      | Reached skill level 5 in Fighting
  3356 | D:4      | Killed a phantom
  3356 | D:4      | Reached XP level 7. HP: 27/61 MP: 7/7
  3578 | D:4      | Reached skill level 5 in Shields
  3993 | D:5      | Entered Level 5 of the Dungeon
  4053 | D:5      | Noticed Duvessa
  4055 | D:5      | Noticed Dowan
  4341 | D:5      | Killed Duvessa
  4341 | D:5      | Reached XP level 8. HP: 59/71 MP: 8/8
  4343 | D:5      | Killed Dowan
  4441 | D:5      | Noticed Edmund
  4494 | D:5      | Killed Edmund
  4652 | D:5      | Reached skill level 1 in Evocations
  4802 | D:5      | Noticed Pikel
  4965 | D:4      | Killed Pikel
  5388 | D:5      | Reached XP level 9. HP: 81/83 MP: 9/9
  5760 | D:5      | Found a deep blue altar of Sif Muna.
  5809 | D:5      | You fall through a shaft!
  5809 | D:6      | Found a deep blue altar of Sif Muna.
  5855 | D:6      | Found a glowing golden altar of the Shining One.
  5855 | D:6      | Found a snail-covered altar of Cheibriados.
  5855 | D:6      | Found an ornate altar of the Wu Jian Council.
  6134 | D:6      | Reached skill level 8 in Axes
  6803 | D:6      | Found a shadowy altar of Dithmenos.
  6997 | D:5      | Reached skill level 5 in Armour
  7227 | D:6      | Reached skill level 9 in Axes
  7770 | D:7      | Found a staircase to the Ecumenical Temple.
  7855 | Temple   | Entered the Ecumenical Temple
  7896 | Temple   | Became a worshipper of Makhleb the Destroyer
  8217 | D:7      | Reached skill level 10 in Axes
  8567 | D:7      | Found a basalt altar of Yredelemnul.
  8567 | D:7      | Found a blossoming altar of Fedhas.
  8701 | D:7      | Found a shadowy altar of Dithmenos.
  8739 | D:7      | Found a runed gate.
  8741 | D:7      | Noticed Lilu's ghost (novice DECj)
  8742 | D:7      | Found a runed gate.
  8742 | D:7      | Found a runed gate.
  9072 | D:7      | Reached * piety under Makhleb
  9245 | D:8      | Reached XP level 10. HP: 91/91 MP: 10/10
  9267 | D:8      | Noticed Maurice
  9269 | D:8      | Noticed Maurice
  9269 | D:8      | Maurice changed into Maurice the ogre
  9271 | D:8      | Killed Maurice the ogre
  9349 | D:8      | Noticed Psyche
  9361 | D:8      | Killed Psyche
  9361 | D:8      | Reached skill level 11 in Axes
  9593 | D:8      | Found a sacrificial altar of Ru.
  9689 | D:8      | Found Anoat's Weapon Emporium.
  9713 | D:8      | Found Heaskani's General Store.
  9737 | D:8      | Found Yry Fomp's Book Shoppe.
  9753 | D:8      | HP: 4/91 [something (4)]
  9754 | D:8      | Cast into level 1 of the Abyss (orc wizard)
  9861 | Abyss:1  | Noticed a wretched star
  9865 | Abyss:1  | HP: 3/91 [small abomination (11)]
  9879 | Abyss:1  | Noticed a bone dragon
  9890 | Abyss:1  | Slain by a bone dragon

Skill      XL: |  1  2  3  4  5  6  7  8  9 10 |
---------------+-------------------------------+-----
Axes           | 3 4 5 6 7 10 11 | 11.8
Maces & Flails | 2 |  2.2
Fighting       | 5 6 9 |  9.0
Shields        | 4 5 7 8 |  8.0
Evocations     | 1 |  1.0
Armour         | 6 7 |  7.6

Action                   |  1- 3 |  4- 6 |  7- 9 | 10-12 || total
-------------------------+-------+-------+-------+-------++-------
Melee: War axe           |    88 |   186 |   320 |    99 ||   693
Evoke: Wand              |       |     3 |       |     1 ||     4
  Use: Scroll            |     4 |     6 |    13 |       ||    23
       Potion            |       |       |     1 |     4 ||     5
  Eat: Chunk             |       |     8 |     9 |     1 ||    18
       Ration            |       |       |     3 |       ||     3
Armor: Scale mail        |    44 |    91 |   113 |       ||   248
       Plate armour      |       |       |    27 |    51 ||    78
Dodge: Dodged            |    29 |    57 |    79 |    15 ||   180
Block: Shield            |    47 |    78 |   180 |    42 ||   347
